 Dungeon Crawl Stone Soup version 0.18.1-48-g4cf74bf (webtiles) character file.

1467 Inkary the Ruffian (level 8, 0/68 HPs)
             Began as a Pale Draconian Transmuter on Sept 1, 2016.
             Was an Initiate of Okawaru.
             Killed by nerve-wracking pain
             ... invoked by an orc priest
              (7 damage)
             ... on level 7 of the Dungeon.
             The game lasted 00:14:54 (6885 turns).

Inkary the Ruffian (Pale Draconian Transmuter)      Turns: 6885, Time: 00:14:55

Health: 0/68       AC:  7    Str: 14    XL:     8   Next: 48%
Magic:  14/14      EV: 14    Int: 13    God:    Okawaru [......]
Gold:   262        SH:  0    Dex: 13    Spells: 3 memorised, 7 levels left

rFire  + . .     SeeInvis .       - Unarmed
rCold  x . .     Gourm    +     (armour unavailable)
rNeg   . . .     Faith    .     (no shield)
rPois  .         Spirit   .     (helmet restricted)
rElec  .         Dismiss  .     (no cloak)
rCorr  .         Reflect  .     (no gloves)
SustAt .         Harm     .     H - +0 pair of boots
MR     .....                    s - amulet of the gourmand
Stlth  +.........               (no ring)
                                n - ring of fire

@: appendage (expiring), not resistant to hostile enchantments, very unstealthy
A: breathe steam, unfitting armour, horns 2, cold-blooded, AC +6
a: Breathe Steam, End Transformation, Renounce Religion


You were on level 7 of the Dungeon.
You worshipped Okawaru.
Okawaru was noncommittal.
You were completely stuffed.
You had grown temporary horns.
You visited 2 branches of the dungeon, and saw 8 of its levels.

You collected 262 gold pieces.

Inventory:

Missiles
 a - 24 arrows
Armour
 H - a +0 pair of boots (worn)
Jewellery
 n - a ring of fire (left hand)
 q - an uncursed amulet of rage {unknown}
 s - an amulet of the gourmand (around neck)
 v - an uncursed amulet of dismissal {unknown}
 E - a +2 ring of dexterity {unknown}
Wands
 r - a wand of acid (7/15)
Scrolls
 d - 5 scrolls of teleportation {unknown}
 e - a scroll of random uselessness {unknown}
 f - 2 scrolls of amnesia {unknown}
 g - a scroll of noise {unknown}
 l - 4 scrolls of remove curse {unknown}
 o - a scroll of enchant weapon {unknown}
 p - 2 scrolls of enchant armour {unknown}
 t - 2 scrolls of identify {unknown}
 u - a scroll of blinking {unknown}
 y - a scroll of recharging {unknown}
 I - a scroll of fog {unknown}
Potions
 h - a potion of cure mutation {unknown}
 i - a potion of curing {unknown}
 j - 3 potions of haste
 k - a potion of berserk rage {unknown}
 m - 4 potions of might {unknown}
 w - 2 potions of beneficial mutation {unknown}
 x - a potion of brilliance {unknown}
 z - a potion of degeneration {unknown}
 A - a potion of invisibility {unknown}
 D - a potion of lignification {unknown}
 J - a potion of mutation {unknown}
Books
 b - a book of Changes

   Spells                             Type                      Level
   a - Beastly Appendage              Transmutation                1
   b - Sticks to Snakes               Transmutation                2
   c - Spider Form                    Transmutation/Poison         3
   d - Ice Form                       Ice/Transmutation            4
   e - Blade Hands                    Transmutation                5
 G - a book of the Sky

   Spells                             Type                      Level
   a - Summon Lightning Spire         Summoning/Air                4
   b - Airstrike                      Air                          4
   c - Silence                        Hexes/Air                    5
   d - Deflect Missiles               Charms/Air                   6
   e - Conjure Ball Lightning         Conjuration/Air              6
   f - Tornado                        Air                          9
Comestibles
 c - 5 bread rations
 B - a beef jerky
 C - 2 meat rations
 F - 4 fruits
 K - a chunk of flesh


   Skills:
 + Level 5.3 Fighting
 + Level 4.4 Dodging
 + Level 5.5 Unarmed Combat
 + Level 4.5 Spellcasting
 + Level 5.2 Transmutations


You had 7 spell levels left.
You knew the following spells:

 Your Spells              Type           Power        Failure   Level  Hunger
a - Beastly Appendage     Trmt           ###...       2%          1    None
b - Spider Form           Trmt/Pois      #.........   21%         3    ###....
c - Blade Hands           Trmt           ###.......   75%         5    ######.


Dungeon Overview and Level Annotations

Branches:
Dungeon (7/15)             Temple (1/1) D:7

Altars:
Cheibriados
Dithmenos
Elyvilon
Fedhas
Gozag
Kikubaaqudgha
Makhleb
Nemelex Xobeh
Okawaru
Pakellas
Qazlal
Ru
Sif Muna
Trog
Vehumet
Xom
Zin
The Shining One

Shops:
D:6 =


Innate Abilities, Weirdness & Mutations

You can breathe blasts of scalding, opaque steam.
Your pale cyan-grey scales are hard (AC +6).
Your body does not fit into most forms of armour.
You are cold-blooded and may be slowed by cold attacks.
You have a pair of horns on your head.


Message History

You hit the orc warrior but do no damage.
Your headbutt misses the orc warrior.
The orc warrior is lightly wounded.
You hit the orc warrior but do no damage.
The orc warrior is lightly wounded.
The orc warrior barely misses you. The orc priest hits you with a mace!
You hit the orc warrior but do no damage.
The orc warrior is lightly wounded.
The orc warrior barely misses you. The orc priest misses you.
You hit the orc warrior but do no damage.
The orc warrior is lightly wounded.
The orc priest hits you with a mace. The orc warrior hits you with a mace!
* * * LOW HITPOINT WARNING * * *
The orc barely misses you.
The orc priest calls upon Beogh to heal the orc warrior.
The orc warrior's wounds heal themselves!
Your transformation is almost over.
The orc priest calls down the wrath of Beogh upon you.
Pain shoots through your body!
You die...

#..(........# #...........# .
#...........# ..... #...........#
###+# #..######...........#
##...###..##...###.........#
#...................._.....#
#................o.........###
#............@.oo.............
#....#.#.......##'###.........
#...#.#.#....[.#......†...(...
#..#.#.#.#.....#..............
#####..#.>.#..#...#..............
..###.#.#.#.#.#...#..............
..#....#.#.#......#..............
..#.....#.#.......#.....##+###...
..#...............+.....# ##


You could see an orc warrior, an orc priest and an orc.

Vanquished Creatures
  Sigmund (D:3)
  Edmund (D:6)
  3 ogres
  2 centaurs
  A scorpion (D:4)
  A crimson imp (D:7)
  A giant frog zombie (D:6)
  A jelly (D:6)
  4 orc priests
  2 giant frog skeletons
  An iguana (D:4)
  3 orc wizards
  2 worker ants
  A hound skeleton (D:6)
  4 gnolls
  12 adders
  A shadow imp (D:6)
  2 oozes
  An adder zombie (D:4)
  An adder skeleton (D:5)
  A worm (D:3)
  A dart slug (D:2)
  4 giant geckos
  24 orcs
  2 ball pythons
  6 bats
  A giant cockroach (D:3)
  7 hobgoblins
  8 jackals
  4 kobolds
  2 quokkas (D:2)
  3 giant newts
  7 goblins
  8 rats
123 creatures vanquished.

Notes
Turn   | Place    | Note
--------------------------------------------------------------
     0 | D:1      | Inkary the Draconian Transmuter began the quest for the Orb.
     0 | D:1      | Reached XP level 1. HP: 16/16 MP: 3/3
   251 | D:1      | Reached XP level 2. HP: 18/24 MP: 3/5
  1162 | D:2      | Reached XP level 3. HP: 26/29 MP: 3/6
  1659 | D:2      | Reached XP level 4. HP: 33/37 MP: 5/7
  1845 | D:3      | Noticed Sigmund
  2058 | D:2      | Learned a level 3 spell: Spider Form
  2262 | D:3      | Reached XP level 5. HP: 32/44 MP: 9/9
  2674 | D:3      | Killed Sigmund
  2674 | D:3      | Reached XP level 6. HP: 14/51 MP: 8/10
  3226 | D:3      | Learned a level 5 spell: Blade Hands
  3418 | D:4      | Your scales start taking on a pale cyan-grey colour.
  3418 | D:4      | Reached XP level 7. HP: 7/58 MP: 12/12
  3990 | D:5      | Entered Level 5 of the Dungeon
  4697 | D:5      | Reached skill level 5 in Unarmed Combat
  5404 | D:6      | Reached XP level 8. HP: 67/67 MP: 12/14
  5429 | D:6      | Found Qots's Jewellery Shop.
  5580 | D:6      | Noticed Edmund
  5900 | D:6      | Killed Edmund
  6063 | D:6      | Reached skill level 5 in Transmutations
  6166 | D:6      | Reached skill level 5 in Fighting
  6546 | D:7      | Found a staircase to the Ecumenical Temple.
  6564 | Temple   | Entered the Ecumenical Temple
  6567 | Temple   | Became a worshipper of Warmaster Okawaru
  6853 | D:7      | Found a burning altar of Makhleb.
  6885 | D:7      | Killed from afar by an orc priest

Skill      XL: |  1  2  3  4  5  6  7  8 |
---------------+-------------------------+-----
Dodging        | 2 3 4 |  4.4
Fighting       | 2 3 4 5 |  5.3
Transmutations | 3 4 5 |  5.2
Unarmed Combat | 4 5 |  5.5
Spellcasting   | 3 4 |  4.5

Action                   |  1- 3 |  4- 6 |  7- 9 || total
-------------------------+-------+-------+-------++-------
Melee: Unarmed           |   116 |   200 |   244 ||   560
       Kick              |    16 |     9 |    10 ||    35
       Tailslap          |     9 |    26 |    42 ||    77
       Headbutt          |     4 |    14 |    30 ||    48
       Punch             |     2 |     2 |     4 ||     8
Throw: Tomahawk          |       |       |     3 ||     3
 Cast: Beastly Appendage |    24 |    26 |    29 ||    79
  Use: Potion            |       |     3 |       ||     3
 Stab: Sleeping          |     2 |     1 |       ||     3
  Eat: Chunk             |     3 |    18 |    12 ||    33
Armor: Skin              |    39 |    34 |    57 ||   130
Dodge: Dodged            |    72 |   113 |   157 ||   342
